 Dungeon Crawl Stone Soup version 0.29-a0-330-g52719c12eb (webtiles) character file.

Game seed: 1264629499262420184

109 Alarak the Chopper (level 4, 0/39 HPs)
             Began as a Hill Orc Monk on May 21, 2022.
             Was a Priest of Trog.
             Slain by a centaur (2 damage)
             ... on level 3 of the Dungeon on May 23, 2022.
             The game lasted 00:03:58 (2667 turns).

Alarak the Chopper (Hill Orc Monk)                  Turns: 2667, Time: 00:03:59

Health: 0/39       AC:  2    Str: 15    XL:     4   Next: 89%
Magic:  4/4        EV: 12    Int: 10    God:    Trog [***...]
Gold:   128        SH:  0    Dex: 13    Spells: 3/3 levels left

rFire   . . .      SeeInvis .   a - +0 hand axe
rCold   . . .      Faith    .   (no shield)
rNeg    . . .      Spirit   .   b - +0 robe
rPois   .          Reflect  .   (no helmet)
rElec   .          Harm     .   (no cloak)
rCorr   .          Rampage  .   (no gloves)
Will    ++...                   (no boots)
Stlth   ++........              (no amulet)
HPRegen 1.13/turn               (no ring)
MPRegen 0.09/turn               (no ring)

@: strong-willed, on berserk cooldown, regenerating, slowed, very slow
A: no striking features
a: Renounce Religion, Berserk, Trog's Hand


You were on level 3 of the Dungeon.
You worshipped Trog.
Trog was most pleased with you.
You visited 1 branch of the dungeon, and saw 3 of its levels.

You collected 128 gold pieces.

Inventory:

Hand Weapons
 a - a +0 hand axe (weapon)
Missiles
 e - a throwing net (quivered)
Armour
 b - a +0 robe (worn)
Scrolls
 d - a scroll of teleportation {unknown}
 g - 2 scrolls of identify {unknown}
 h - a scroll of vulnerability {unknown}
 i - a scroll of summoning {unknown}
Potions
 c - a potion of ambrosia
 f - 6 potions of curing {unknown}


   Skills:
 - Level 3.6 Fighting
 + Level 7.2 Axes
 - Level 2.4 Dodging
 - Level 1.5 Stealth


You had 3 spell levels left.
You didn't know any spells.
Your spell library contained the following spells:

 Spells                   Type           Power      Damage    Failure   Level
 Tukima's Dance           Hex            0%         N/A       75%         3
 Anguish                  Hex/Necr       0%         N/A       98%         4
 Enfeeble                 Hex            0%         N/A       100%        7


Dungeon Overview and Level Annotations

Branches:
Dungeon (3/15)

Altars:
Trog


Message History

The centaur is moderately wounded.
You hit the centaur.
The centaur is moderately wounded.
The centaur hits you. The centaur barely misses you. x2
The centaur misses you.
You hit the centaur.
The centaur is heavily wounded.
You are no longer berserk.
You are exhausted.
You feel yourself slow down.
An adder comes into view.
You closely miss the centaur.
The centaur is heavily wounded.
The centaur closely misses you. x2; The centaur hits you.
The centaur kicks you.
The adder hisses angrily.
You hit the centaur.
The centaur is severely wounded.
The centaur hits you.
The centaur kicks you but does no damage.
The centaur barely misses you. The centaur kicks you.
* * * LOW HITPOINT WARNING * * *
Your skin crawls.
You feel strong-willed. The centaur hits you. The centaur kicks you.
* * * LOW HITPOINT WARNING * * *
The centaur hits you.
* * * LOW HITPOINT WARNING * * *
The centaur closely misses you. The adder barely misses you.
The centaur barely misses you. x2
You hit the centaur but do no damage.
The centaur is severely wounded.
You hit the adder. The adder barely misses you. The centaur closely misses you.
The centaur kicks you.
* * * LOW HITPOINT WARNING * * *
The adder bites you.
* * * LOW HITPOINT WARNING * * *
The centaur hits you.
* * * LOW HITPOINT WARNING * * *
The centaur kicks you.
You die...

.. ##### ## ###... ####
#..... ####... #....
....... ....
##########.##
#.####....# ###...
#cS.....#.# #....#
#@#######.###.##.#
#)##..........##..
#.....))##.##.......####
#......## #.......#
#...... #.......#
....... #....#..#
....... ##.###....
...##.. #. #.#### ...
#.. #. #..


You could see a centaur and an adder.

Vanquished Creatures
  6 adders
  4 orcs (D:3)
  5 bats
  7 endoplasms
  2 giant cockroaches
  4 goblins (D:1)
  5 hobgoblins
  4 ball pythons
  6 frilled lizards
  4 kobolds
  A rat (D:1)
48 creatures vanquished.

Vanquished Creatures (others)
  4 withered plants (D:1)
4 creatures vanquished.

Grand Total: 52 creatures vanquished

Notes
Turn   | Place    | Note
-------+----------+-------------------------------------------
     0 | D:1      | Alarak the Hill Orc Monk began the quest for the Orb.
     0 | D:1      | Reached XP level 1. HP: 19/19 MP: 1/1
   187 | D:1      | Reached XP level 2. HP: 19/26 MP: 2/2
   306 | D:1      | Reached skill level 5 in Axes
   839 | D:1      | Reached XP level 3. HP: 31/31 MP: 3/3
   983 | D:1      | Found a faded altar of an unknown god.
  1020 | D:1      | Prayed at the altar of an unknown god.
  1020 | D:1      | Became a worshipper of Trog the Wrathful
  1020 | D:1      | Reached * piety under Trog
  1020 | D:1      | Reached ** piety under Trog
  1352 | D:2      | Reached skill level 6 in Axes
  1515 | D:2      | Reached XP level 4. HP: 22/39 MP: 4/4
  2138 | D:2      | Reached *** piety under Trog
  2560 | D:3      | Reached skill level 7 in Axes
  2654 | D:3      | Noticed a centaur
  2667 | D:3      | Slain by a centaur

Illustrated notes

Levels and vault maps discovered:
D:1:      erik_arrival_blinker_ship, layout_basic,
          ebering_ecumenical_altar_petrified
D:2:      layout_basic, minmay_strange_pillars, dk_noncrumbling_3
D:3:      layout_basic, mrwooster_statue_mirror

Skill      XL: |  1  2  3  4 |
---------------+-------------+-----
Axes           | 5 6 7 |  7.2
Fighting       | |  3.6
Dodging        | |  2.4
Stealth        | |  1.5

Action                   |  1- 3 |  4- 6 || total
-------------------------+-------+-------++-------
Melee: Hand axe          |    94 |    66 ||   160
       Punch             |     2 |     1 ||     3
Invok: Berserk           |     1 |     1 ||     2
       Trog's Hand       |       |     1 ||     1
 Stab: Sleeping          |     4 |       ||     4
Armor: Robe              |    11 |     7 ||    18
Dodge: Dodged            |    64 |    48 ||   112

Table legend: (Time is in decaauts)
 A = Elapsed time spent in this place.
 B = Non-inter-level travel time spent in this place.
 C = Inter-level travel time spent in this place.
 D = Time resting spent in this place.
 E = Time spent auto-exploring this place.
 F = Levels seen in this place.
 G = Mean time per level.
                   A        B        C        D        E       F      G
               +--------+--------+--------+--------+--------+-----+--------+
         Total |   2671 |   2631 |     40 |   1002 |   1269 |   3 |  890.3 |
       Dungeon |   2671 |   2631 |     40 |   1002 |   1269 |   3 |  890.3 |
               +--------+--------+--------+--------+--------+-----+--------+

Top non-repeatable levels by time:
     D:2: 1415 daAuts
     D:1: 1097 daAuts
     D:3: 159 daAuts
